 Dungeon Crawl Stone Soup version 0.30-a0-913-g9934a0ce24 (webtiles) character file.

Game seed: 6416791986303905110

1054 timneilson the Covered (level 8, 0/48 HPs)
             Began as a Gargoyle Fighter on Mar 19, 2023.
             Was a Follower of Okawaru.
             Killed from afar by Dowan (18 damage)
             ... with a shard of ice
             ... on level 5 of the Dungeon.
             The game lasted 00:15:36 (4840 turns).

timneilson the Covered (Gargoyle Fighter)           Turns: 4840, Time: 00:15:37

Health: 0/48       AC: 20    Str: 20    XL:     8   Next: 26%
Magic:  9/9        EV:  8    Int:  9    God:    Okawaru [*.....]
Gold:   306        SH:  5    Dex: 11    Spells: 7/7 levels left

rFire   . . .      SeeInvis .    a - +1 long sword
rCold   . . .      Faith    .    c - +0 buckler
rNeg    + . .      Spirit   .    n - +0 chain mail
rPois   ∞          Reflect  .    i - +0 helmet
rElec   +          Rampage  .    j - +1 cloak
rCorr   .                        (no gloves)
Will    .....                    g - +0 pair of boots Stlth
                                 (no amulet)
HPRegen 0.28/turn                (no ring)
MPRegen 0.11/turn                (no ring)

@: mighty
A: sickness immunity, AC +5, negative energy resistance 1, electricity
resistance, torment resistance 1, petrification resistance
a: Renounce Religion, Heroism


You were on level 5 of the Dungeon.
You worshipped Okawaru.
Okawaru was aware of your devotion.
You visited 2 branches of the dungeon, and saw 6 of its levels.
You also visited: Sewer.

You collected 306 gold pieces.

Inventory:

Hand Weapons
 a - a +1 long sword (weapon)
Armour
 b - a +0 pair of gloves
 c - a +0 buckler (worn)
 g - a +0 pair of boots (worn)
 i - a +0 helmet (worn)
 j - a +1 cloak (worn)
 n - a +0 chain mail (worn)
Jewellery
 r - a ring of ice
Scrolls
 e - 2 scrolls of poison
 f - 4 scrolls of identify
 h - 2 scrolls of amnesia
 p - 5 scrolls of teleportation
 s - a scroll of enchant weapon
 t - a scroll of noise {unknown}
Potions
 d - 2 potions of might
 k - 2 potions of brilliance
 l - 6 potions of flight
 m - 2 potions of curing
 o - a potion of heal wounds
 q - 3 potions of mutation


   Skills:
 + Level 4.6 Fighting
 * Level 4.4 Long Blades
 * Level 6.1 Armour
 + Level 2.2 Dodging
 * Level 6.0 Shields
 + Level 2.0 Invocations


You had 7 spell levels left.
You didn't know any spells.
Your spell library contained the following spells:

 Spells                   Type           Power      Damage    Failure   Level
 Shock                    Conj/Air       0%         1d3       99%         1
 Static Discharge         Conj/Air       0%         2-2/arc   100%        2
 Hailstorm                Conj/Ice       0%         3d3       100%        3
 Ignite Poison            Fire/Tmut/Pois 0%         N/A       100%        3
 Kindle Blastsparks       Fire/Tloc/Air  0%         2d10      100%        3
 Swiftness                Air            0%         N/A       100%        3
 Vhi's Electric Charge    Tloc/Air       0%         N/A       100%        3
 Airstrike                Air            0%         2d(0-16)  100%        4
 Ice Form                 Ice/Tmut       0%         N/A       100%        4
 Arcjolt                  Conj/Air       0%         1d10      100%        5
 Freezing Cloud           Conj/Ice/Air   0%         6-21      100%        5
 Plasma Beam              Fire/Air       0%         2x1d11    100%        5
 Simulacrum               Ice/Necr       Unusable   N/A       N/A         6

Dungeon Overview and Level Annotations

Branches:
Dungeon (5/15)             Temple (1/1) D:4           Sewer (visited)

Altars:
Ashenzari
Cheibriados
Gozag
Hepliaklqana
Okawaru
Qazlal
Sif Muna
Trog
Uskayaw
Vehumet
Wu Jian
Xom
Yredelemnul
Zin
The Shining One

Shops:
D:1 [   D:3 *=*   D:4 *

Annotations:
D:5 Dowan


Innate Abilities, Weirdness & Mutations

You are immune to sickness and miasma.
Your stone body is resilient. (AC +5)
You are immune to poison.
You resist negative energy. (rN+)
You are resistant to electric shocks. (rElec)
You are resistant to unholy torment.
You are immune to petrification.


Message History

You slash Duvessa!
Duvessa is severely wounded.
Duvessa closely misses you.
Dowan gestures wildly while chanting.
Dowan blinks!
You block Duvessa's attack.
You hit Duvessa.
Duvessa is almost dead.
Duvessa hits you with a +0 short sword. Duvessa closely misses you.
You barely miss Duvessa.
Duvessa is almost dead.
Duvessa hits you but does no damage. Duvessa closely misses you.
You slash Duvessa!
You kill Duvessa!
Okawaru accepts your kill.
Dowan screams, "No!
No!"
Dowan seems to find hidden reserves of power!
Dowan mumbles some strange words.
Dowan blinks!
Your Shields skill increases to level 6!
Your Invocations skill increases to level 2!
Items here: )) [ ††.
Things that are here:
a +0 halberd; a +0 robe of willpower You barely miss Dowan.
Dowan closely misses you. You block Dowan's attack.
You closely miss Dowan. Dowan hits you but does no damage.
Dowan gestures wildly while chanting.
Dowan blinks!
You block Dowan's attack. Dowan hits you but does no damage.
You slash Dowan!
Dowan is moderately wounded.
Dowan gestures at you while chanting. The stone arrow hits you!
You miss Dowan.
Dowan is moderately wounded.
You block Dowan's attack. x2
You hit Dowan.
Dowan is severely wounded.
Dowan gestures at you while chanting. The shard of ice hits you!!
You die...

...#...... ..#..........e.g.e..
.#.#...................#.###...
##+#####................#
......# .##............# .
⌠...⌠.# .##............#.#
......# #..>...........#
..⌠...+ #............## ......#
#.....e......# ⌠...⌠.#
#.....@......# ......#
#............# ##'####
#............# #..#
#............# ..##
######.####### ### #)# #)# #)#
#)#


You could see Dowan (fast).

Vanquished Creatures
  Duvessa (D:5)
  An ice beast (D:5)
  Blork the orc (D:5)
  2 jellies (D:5)
  3 hounds
  2 orc priests
  A sleepcap (D:4)
  4 iguanas
  An orc wizard (D:5)
  A sickly merfolk siren (Sewer)
  A malarious merfolk avatar (Sewer)
  Robin (D:2)
  3 gnolls (D:5)
  6 river rats
  13 adders
  An ufetubus (D:4)
  2 dart slugs
  11 orcs
  6 endoplasms
  7 giant cockroaches
  15 goblins
  12 hobgoblins
  2 jackals (D:1)
  7 quokkas
  17 ball pythons
  4 bats
  7 frilled lizards
  7 kobolds
  23 rats
162 creatures vanquished.

Vanquished Creatures (others)
  4 plants (D:2)
4 creatures vanquished.

Grand Total: 166 creatures vanquished

Notes
Turn   | Place    | Note
-------+----------+-------------------------------------------
     0 | D:1      | timneilson the Gargoyle Fighter began the quest for the
                  | Orb.
     0 | D:1      | Reached XP level 1. HP: 14/14 MP: 1/1
   145 | D:1      | Reached XP level 2. HP: 19/19 MP: 2/2
   513 | D:1      | Found Gumiep's Armour Boutique.
   523 | D:1      | Reached XP level 3. HP: 23/23 MP: 3/3
   752 | D:2      | Noticed Robin
   834 | D:2      | Killed Robin
   916 | D:2      | Reached XP level 4. HP: 27/28 MP: 4/4
  1163 | D:2      | Found a basalt altar of Yredelemnul.
  1628 | D:3      | Found Duamob's General Store.
  1787 | D:3      | Found Ema Momoasm's Assorted Antiques.
  1956 | D:3      | HP: 1/28 [orc priest/divine providence (12)]
  1969 | D:3      | Reached XP level 5. HP: 24/32 MP: 5/5
  2301 | D:3      | Found Mounan's Jewellery Shoppe.
  2456 | D:4      | Found a staircase to the Ecumenical Temple.
  2464 | Temple   | Entered the Ecumenical Temple
  2711 | Temple   | Became a worshipper of Warmaster Okawaru
  2800 | D:4      | Reached skill level 1 in Dodging
  2910 | D:4      | Reached XP level 6. HP: 27/38 MP: 6/6
  3018 | D:4      | Found a glowing drain.
  3031 | Sewer    | Entered a sewer
  3154 | Sewer    | Reached skill level 5 in Armour
  3324 | Sewer    | Reached skill level 5 in Shields
  3612 | D:4      | Found Ickoac's General Store.
  3834 | D:4      | Reached XP level 7. HP: 42/43 MP: 7/7
  4122 | D:5      | Entered Level 5 of the Dungeon
  4271 | D:5      | Reached skill level 1 in Invocations
  4413 | D:5      | Reached * piety under Okawaru
  4567 | D:5      | Reached XP level 8. HP: 40/48 MP: 9/9
  4651 | D:5      | Noticed Blork the orc
  4678 | D:5      | Killed Blork the orc
  4786 | D:5      | Noticed Duvessa
  4786 | D:5      | Noticed Dowan
  4828 | D:5      | Killed Duvessa
  4840 | D:5      | Killed from afar by Dowan

Illustrated notes

Levels and vault maps discovered:
D:1:      dpeg_arrival_round_b, layout_loops_cross, serial_shops,
          nicolae_shop_advertising_works [nicolae_subvault_shop_adworks],
          minivault_14
D:2:      layout_basic, basic_altar, hangedman_decor_peaks_small,
          serial_bayou_lagoon_a, uniq_robin
D:3:      layout_loops_ring, serial_shops, nicolae_shop_window_shopping,
          nicolae_shop_temple_entry_statues_fountains, nicolae_shop_stone
D:4:      layout_basic, minmay_temple_entry_offerings, serial_shops, shop,
          gup_sewer_entry_bubbles, minmay_snake_closets
D:5:      layout_basic, minmay_fountain_box, uniq_blork_the_orc, uniq_duvessa
Temple:   mainiacjoe_temple_big_plus

Skill      XL: |  1  2  3  4  5  6  7  8 |
---------------+-------------------------+-----
Long Blades    | 2 3 4 |  4.4
Armour         | 4 5 6 |  6.1
Shields        | 4 5 6 |  6.0
Dodging        | 1 2 |  2.2
Fighting       | 4 |  4.6
Invocations    | 1 2 |  2.0

Action                     |  1- 3 |  4- 6 |  7- 9 || total
---------------------------+-------+-------+-------++-------
  Melee: Long sword        |   158 |   356 |   183 ||   697
    Use: Scroll            |     4 |     9 |       ||    13
         Potion            |       |     3 |     2 ||     5
 Armour: Scale mail        |   128 |    29 |       ||   157
         Chain mail        |       |   235 |   139 ||   374
  Dodge: Dodged            |    94 |   138 |    91 ||   323
  Block: Buckler           |    35 |    99 |    40 ||   174

Table legend: (Time is in decaauts)
 A = Elapsed time spent in this place.
 B = Non-inter-level travel time spent in this place.
 C = Inter-level travel time spent in this place.
 D = Time resting spent in this place.
 E = Time spent auto-exploring this place.
 F = Levels seen in this place.
 G = Mean time per level.
                   A        B        C        D        E       F      G
               +--------+--------+--------+--------+--------+-----+--------+
         Total |   5107 |   5018 |     89 |      0 |   3060 |   7 |  729.6 |
       Dungeon |   4277 |   4225 |     52 |      0 |   2733 |   5 |  855.4 |
        Temple |    285 |    248 |     37 |      0 |    223 |   1 |  285.0 |
         Sewer |    544 |    544 |      0 |      0 |    104 |   1 |  544.0 |
               +--------+--------+--------+--------+--------+-----+--------+

Top non-repeatable levels by time:
     D:4: 998 daAuts
     D:1: 863 daAuts
     D:2: 836 daAuts
     D:3: 828 daAuts
     D:5: 751 daAuts
   Sewer: 544 daAuts
  Temple: 285 daAuts
